 Dungeon Crawl Stone Soup version 0.23.0-38-g208d714 (webtiles) character file.

Game seed: 15790916548235556299

1949 wolfsongas the Insei (level 8, -7/71 HPs)
             Began as a Grey Draconian Transmuter on Feb 28, 2019.
             Was an Initiate of Makhleb.
             Mangled by Joseph
             ... wielding a +0 quarterstaff
              (15 damage)
             ... on level 7 of the Dungeon.
             The game lasted 00:18:27 (7740 turns).

wolfsongas the Insei (Grey Draconian Transmuter)    Turns: 7740, Time: 00:18:27

Health: -7/71      AC: 13    Str: 12    XL:     8   Next: 99%
Magic:  12/12      EV: 12    Int: 18    God:    Makhleb [......]
Gold:   310        SH:  0    Dex: 13    Spells: 8/13 levels left

rFire    . . .     SeeInvis .     - Unarmed
rCold    . . .     Gourm    .   (no shield)
rNeg     . . .     Faith    .   (armour unavailable)
rPois    .         Spirit   .   (helmet restricted)
rElec    .         Reflect  .   (no cloak)
rCorr    .         Harm     .   l - +1 pair of gloves
MR       .....                  (no boots)
Stlth    ++........             (no amulet)
HPRegen  0.21/turn              k - +3 ring of intelligence
MPRegen  0.13/turn              q - ring of stealth

@: no status effects
A: walk through water, unfitting armour, unbreathing, cold-blooded, AC +11
a: Renounce Religion


You were on level 7 of the Dungeon.
You worshipped Makhleb.
Makhleb was noncommittal.
You were not hungry.

You visited 2 branches of the dungeon, and saw 8 of its levels.
You also visited: Sewer.

You collected 310 gold pieces.

Inventory:

Hand Weapons
 e - a +2 hunting sling of flaming
Missiles
 a - 163 arrows
Armour
 l - a +1 pair of gloves (worn)
Jewellery
 k - a +3 ring of intelligence (left hand)
 n - an uncursed ring of positive energy
 q - a ring of stealth (right hand)
Scrolls
 b - a scroll of identify
 f - 2 scrolls of teleportation
 g - a scroll of amnesia
 j - 2 scrolls of remove curse
 r - a scroll of immolation
Potions
 d - a potion of lignification
 h - 8 potions of curing
 i - 2 potions of resistance
 m - a potion of cancellation
 o - 2 potions of heal wounds
 p - a potion of agility
Comestibles
 c - 3 rations


   Skills:
 + Level 6.7 Fighting
 - Level 1.7 Dodging
 + Level 7.7 Unarmed Combat
 - Level 3.3 Spellcasting
 + Level 6.4 Transmutations
 + Level 1.5 Invocations


You had 8 spell levels left.
You knew the following spells:

 Your Spells              Type           Power        Failure   Level  Hunger
a - Beastly Appendage     Tmut           ####..       1%          1    None
b - Spider Form           Tmut/Pois      ##........   13%         3    ###....
c - Magic Dart            Conj           #...         16%         1    None

Your spell library contained the following spells:

 Spells                   Type           Power        Failure   Level  Hunger
 Sticks to Snakes         Tmut           ####....     1%          2    ##.....
 Searing Ray              Conj           #.....       24%         2    ##.....
 Blade Hands              Tmut           ####......   30%         5    ######.
 Ice Form                 Ice/Tmut       ##......     38%         4    ####...
 Dazzling Spray           Conj/Hex       #.....       43%         3    ###....
 Force Lance              Conj/Tloc      #.......     85%         4    ####...
 Fulminant Prism          Conj/Hex       #.........   85%         4    ####...
 Iskenderun's Mystic Bla  Conj           #.......     85%         4    ####...


Dungeon Overview and Level Annotations

Branches:
Dungeon (7/15)             Temple (1/1) D:6

Altars:
Ashenzari
Cheibriados
Elyvilon
Gozag
Hepliaklqana
Kikubaaqudgha
Makhleb
Nemelex Xobeh
Qazlal
Sif Muna
Trog
Uskayaw
Vehumet
Yredelemnul
Zin
The Shining One

Shops:
D:4 (

Annotations:
D:3 2 transporters, Temi's ghost, amateur FoFi
D:7 Joseph


Innate Abilities, Weirdness & Mutations

You can walk through water.
Your dull iron-grey scales are very hard. (AC +11)
You cannot fit into any form of body armour.
You can survive without breathing.
You are cold-blooded and may be slowed by cold attacks.


Message History

You are no longer poisoned.
Joseph shoots a sling bullet.
The sling bullet hits you.
Joseph shoots a sling bullet.
The sling bullet hits you but does no damage.
Joseph unwields a +0 hunting sling.
Joseph wields a +0 quarterstaff.
Joseph hits you with a +0 quarterstaff.
* * * LOW HITPOINT WARNING * * *
You barely miss Joseph.
You feel less wooden.
Your +1 pair of gloves unmelds from your body.
You closely miss Joseph. Joseph hits you with a +0 quarterstaff!
* * * LOW HITPOINT WARNING * * *
You barely miss Joseph. Joseph hits you but does no damage.
You hit Joseph.
Joseph is lightly wounded.
Joseph hits you but does no damage.
You hit Joseph. You punch Joseph!
Joseph is moderately wounded.
Joseph hits you with a +0 quarterstaff!
You die...

.##
$.. ..
#.####
#.@@.#
####.#
#.#
#.#
##.#
#..#
##[##
#..#
#.##


You could see Joseph.

Vanquished Creatures
  An orc warrior (D:6)
  A phantom (D:6)
  An ogre (D:6)
  2 centaurs (D:5)
  2 bullfrogs (D:6)
  Blork the orc (D:6)
  4 killer bees (D:7)
  A scorpion (D:7)
  4 wights (D:6)
  3 electric eels (D:6)
  3 howler monkeys
  A crimson imp (D:6)
  A hound (D:6)
  A jelly (D:6)
  2 orc priests
  3 centaur zombies
  A centaur skeleton (D:6)
  2 worker ants (D:4)
  3 orc wizards
  A hound skeleton (D:4)
  2 worker ant zombies
  6 gnolls
  7 adders
  A shadow imp (D:6)
  2 oozes
  An adder zombie (D:5)
  2 worms (D:6)
  2 dart slugs (D:1)
  3 leopard geckos
  11 orcs
  9 ball pythons
  8 giant cockroaches
  7 goblins
  11 hobgoblins
  6 jackals
  8 bats
  5 frilled lizards
  24 kobolds
  A leopard gecko skeleton (D:4)
  9 rats
163 creatures vanquished.

Notes
Turn   | Place    | Note
-------+----------+-------------------------------------------
     0 | D:1      | wolfsongas the Draconian Transmuter began the quest for the
                  | Orb.
     0 | D:1      | Reached XP level 1. HP: 16/16 MP: 3/3
   206 | D:1      | Reached XP level 2. HP: 11/23 MP: 5/5
   809 | D:1      | Reached XP level 3. HP: 26/29 MP: 6/6
  1052 | D:1      | Learned a level 3 spell: Spider Form
  1264 | D:2      | Reached skill level 4 in Unarmed Combat
  1356 | D:2      | Reached XP level 4. HP: 34/36 MP: 7/7
  1777 | D:2      | You fall through a shaft!
  1922 | D:3      | Found a transporter.
  1922 | D:3      | Noticed Temi's ghost (amateur FoFi)
  1925 | D:3      | Found a glowing silver altar of Zin.
  1926 | D:3      | Found a transporter.
  1926 | D:3      | Noticed an ogre
  1926 | D:3      | Identified the cursed +0 great mace "Dragonslayer"
                  | {antimagic, Dex+3}
  1926 | D:3      | Noticed an ogre
  2547 | D:4      | Found a hide-covered altar of Uskayaw.
  2698 | D:3      | Reached XP level 5. HP: 27/42 MP: 8/8
  2945 | D:3      | Reached skill level 5 in Unarmed Combat
  3001 | D:4      | Learned a level 1 spell: Magic Dart
  3030 | D:4      | Found Iticzep's Antique Weapon Emporium.
  3301 | D:4      | HP: 2/45 [poisoned by a worker ant]
  3309 | D:4      | HP: 2/45 [poisoned by a worker ant]
  4022 | D:4      | Reached XP level 6. HP: 44/51 MP: 10/10
  4493 | D:5      | Entered Level 5 of the Dungeon
  4888 | D:5      | Found a bloodstained altar of Trog.
  4920 | D:5      | Your scales start taking on a dull iron-grey colour.
  4920 | D:5      | Reached XP level 7. HP: 51/58 MP: 11/11
  4920 | D:5      | Gained mutation: You can survive without breathing. [Grey
                  | Draconian growth]
  5392 | D:6      | Reached skill level 6 in Unarmed Combat
  5595 | D:6      | Found a staircase to the Ecumenical Temple.
  5630 | D:6      | Noticed Blork the orc
  5646 | D:6      | Killed Blork the orc
  5720 | D:6      | Found a glowing drain.
  5729 | Sewer    | Entered a sewer
  6119 | D:6      | Reached skill level 5 in Fighting
  6119 | D:6      | Reached skill level 5 in Transmutations
  6119 | D:6      | Reached XP level 8. HP: 49/68 MP: 10/12
  6637 | D:6      | Reached skill level 7 in Unarmed Combat
  6687 | D:6      | Found a stormy altar of Qazlal.
  6981 | D:6      | Found an ancient bone altar of Kikubaaqudgha.
  7182 | Temple   | Entered the Ecumenical Temple
  7498 | Temple   | Became a worshipper of Makhleb the Destroyer
  7698 | D:7      | Noticed Joseph
  7703 | D:7      | Reached skill level 1 in Invocations
  7740 | D:7      | Mangled by Joseph

Skill      XL: |  1  2  3  4  5  6  7  8 |
---------------+-------------------------+-----
Fighting       | 2 3 5 6 |  6.7
Unarmed Combat | 4 5 6 7 |  7.7
Transmutations | 3 5 6 |  6.4
Spellcasting   | 3 |  3.3
Invocations    | 1 |  1.5
Dodging        | |  1.7

Action                   |  1- 3 |  4- 6 |  7- 9 || total
-------------------------+-------+-------+-------++-------
Melee: Unarmed           |   150 |   256 |   324 ||   730
       Tailslap          |    11 |    22 |    22 ||    55
       Punch             |       |     3 |     9 ||    12
 Cast: Magic Dart        |       |     1 |       ||     1
       Spider Form       |       |     2 |     4 ||     6
  Use: Scroll            |     5 |     7 |     4 ||    16
       Potion            |     1 |     9 |     8 ||    18
 Stab: Sleeping          |       |     2 |     3 ||     5
  Eat: Ration            |     1 |     3 |     3 ||     7
Armor: Skin              |    43 |    88 |   100 ||   231
Dodge: Dodged            |    98 |   167 |   218 ||   483
